 Dungeon Crawl Stone Soup version 0.25-a0-589-g1e14c549ee (webtiles) character file.

Game seed: 9579379894889156021, levelgen mode: deterministic

240 Emblim88 the Shield-Bearer (level 6, -18/53 HPs)
             Began as a Gnoll Fighter on Mar 13, 2020.
             Was an Initiate of Okawaru.
             Demolished by Menkaure (19 damage)
             ... on level 5 of the Dungeon.
             The game lasted 00:03:49 (3188 turns).

Emblim88 the Shield-Bearer (Gnoll Fighter)          Turns: 3188, Time: 00:03:50

Health: -18/53     AC:  7    Str: 20    XL:     6   Next: 8%
Magic:  8/8        EV:  9    Int: 10    God:    Okawaru [......]
Gold:   227        SH: 11    Dex: 18    Spells: 5/8 levels left

rFire    + . .     SeeInvis .   a - +0 long sword
rCold    x . .     Gourm    .   c - +0 kite shield
rNeg     . . .     Faith    .   b - +0 scale mail
rPois    .         Spirit   .   (no helmet)
rElec    .         Reflect  .   (no cloak)
rCorr    .         Harm     .   (no gloves)
MR       .....                  (no boots)
Stlth    +.........             (no amulet)
HPRegen  0.17/turn              e - ring of fire
MPRegen  0.11/turn              g - +3 ring of dexterity

@: mighty
A: distributed training, fangs 1, strong nose
a: Renounce Religion


You were on level 5 of the Dungeon.
You worshipped Okawaru.
Okawaru was noncommittal.
You were not hungry.

You visited 1 branch of the dungeon, and saw 5 of its levels.

You collected 227 gold pieces.

Inventory:

Hand Weapons
 a - a +0 long sword (weapon)
Missiles
 y - 5 javelins (quivered)
Armour
 b - a +0 scale mail (worn)
 c - a +0 kite shield (worn)
 u - the +3 leather armour "Byddogoe" {MR- Dex+7}
   (You found it on level 4 of the Dungeon)

   It affects your dexterity (+7).
   It affects your resistance to hostile enchantments.
Jewellery
 e - a ring of fire (left hand)
 g - a +3 ring of dexterity (right hand)
 C - an uncursed amulet of faith {unknown}
Wands
 v - a wand of flame (14)
 A - a wand of enslavement (8)
 B - a wand of digging (5)
Scrolls
 i - 7 scrolls of identify {unknown}
 j - 4 scrolls of teleportation {unknown}
 k - a scroll of immolation {unknown}
 n - a scroll of noise {unknown}
 o - 2 scrolls of amnesia {unknown}
 p - a scroll of enchant weapon {unknown}
 r - a scroll of fog {unknown}
 s - a scroll of random uselessness {unknown}
 w - a scroll of enchant armour {unknown}
 x - 2 scrolls of remove curse {unknown}
Potions
 d - 2 potions of might
 h - 2 potions of flight {unknown}
 l - 2 potions of resistance {unknown}
 m - a potion of cancellation {unknown}
 q - 2 potions of curing {unknown}
 t - a potion of heal wounds {unknown}
Comestibles
 f - 7 rations
 z - 3 chunks of flesh


   Skills:
 + Level 6.7 Fighting
 + Level 1.7 Short Blades
 + Level 4.9 Long Blades
 + Level 1.7 Axes
 + Level 1.7 Maces & Flails
 + Level 1.7 Polearms
 + Level 1.7 Staves
 + Level 1.7 Slings
 + Level 1.7 Bows
 + Level 1.7 Crossbows
 + Level 1.7 Throwing
 + Level 6.7 Armour
 + Level 1.7 Dodging
 + Level 1.7 Stealth
 + Level 6.7 Shields
 + Level 1.7 Unarmed Combat
 + Level 1.7 Spellcasting
 + Level 1.3 Conjurations
 + Level 1.3 Hexes
 + Level 1.3 Charms
 + Level 1.3 Summonings
 + Level 1.3 Necromancy
 + Level 1.3 Translocations
 + Level 1.3 Transmutations
 + Level 1.3 Fire Magic
 + Level 1.3 Ice Magic
 + Level 1.3 Air Magic
 + Level 1.3 Earth Magic
 + Level 1.3 Poison Magic
 + Level 2.0 Invocations
 + Level 1.7 Evocations


You had 5 spell levels left.
You knew the following spells:

 Your Spells              Type           Power        Failure   Level  Hunger
a - Confusing Touch       Hex            #.......     99%         3    ####...

Your spell library contained the following spells:

 Spells                   Type           Power        Failure   Level  Hunger
 Gell's Gravitas          Tloc           #.........   99%         3    ####...
 Petrify                  Tmut/Erth      #.......     100%        4    #####..
 Metabolic Englaciation   Hex/Ice        #.........   100%        5    ######.
 Yara's Violent Unravell  Hex/Tmut       #.........   100%        5    ######.


Dungeon Overview and Level Annotations

Branches:
Dungeon (5/15)
 Temple: D:4-7

Altars:
Ashenzari
Nemelex Xobeh
Okawaru
Qazlal
Trog
Zin
The Shining One

Annotations:
D:5 Menkaure


Innate Abilities, Weirdness & Mutations

Your experience applies equally to all skills.
You have very sharp teeth.
Your uncanny sense of smell can sniff out nearby items.


Message History

The worker ant is severely wounded.
You block the worker ant's attack.
The worker ant bites you but does no damage.
You block Menkaure's attack.
You slash the worker ant!
You kill the worker ant!
Okawaru accepts your kill.
Your Invocations skill increases to level 2!
You have reached level 6!
Your experience leads to an increase in your attributes!
Your base attributes are Str 19, Int 10, Dex 15.
Increase (S)trength, (I)ntelligence, or (D)exterity?
You feel stronger. Menkaure hits you!
* * * LOW HITPOINT WARNING * * *
You slash Menkaure!
Menkaure is heavily damaged.
Menkaure screams, "Why can't you leave me to my rest?"
Menkaure hits you!!
You die...

#......#
#.#..###
## #...##
#.###..#
##..##.##
#......#
#.....##
#.....#
#...@##
#..M†#
#....#
#.....
##....
##...#
##.## #.#


You could see Menkaure.

Vanquished Creatures
  A phantom (D:4)
  A worker ant (D:5)
  4 adders
  3 oozes
  A dart slug (D:3)
  2 leopard geckos
  3 orcs
  7 bats
  4 giant cockroaches
  5 goblins
  9 hobgoblins
  12 jackals
  5 kobolds
  A ball python (D:3)
  5 frilled lizards
  7 rats
70 creatures vanquished.

Notes
Turn   | Place    | Note
-------+----------+-------------------------------------------
     0 | D:1      | Emblim88 the Gnoll Fighter began the quest for the Orb.
     0 | D:1      | Reached XP level 1. HP: 23/23 MP: 1/1
   254 | D:1      | Reached XP level 2. HP: 29/29 MP: 2/2
   519 | D:1      | Reached XP level 3. HP: 35/35 MP: 3/3
  1100 | D:2      | Found an iron altar of Okawaru.
  1185 | D:2      | Found a bloodstained altar of Trog.
  1213 | D:2      | Found a glowing silver altar of Zin.
  1259 | D:2      | Reached skill level 1 in Invocations
  1267 | D:2      | Became a worshipper of Warmaster Okawaru
  1407 | D:2      | Reached skill level 1 in Short Blades
  1407 | D:2      | Reached skill level 1 in Axes
  1407 | D:2      | Reached skill level 1 in Maces & Flails
  1407 | D:2      | Reached skill level 1 in Polearms
  1407 | D:2      | Reached skill level 1 in Staves
  1407 | D:2      | Reached skill level 1 in Slings
  1407 | D:2      | Reached skill level 1 in Bows
  1407 | D:2      | Reached skill level 1 in Crossbows
  1407 | D:2      | Reached skill level 1 in Throwing
  1407 | D:2      | Reached skill level 1 in Dodging
  1407 | D:2      | Reached skill level 1 in Stealth
  1407 | D:2      | Reached skill level 1 in Unarmed Combat
  1407 | D:2      | Reached skill level 1 in Spellcasting
  1407 | D:2      | Reached skill level 1 in Evocations
  1491 | D:3      | Reached XP level 4. HP: 35/41 MP: 5/5
  1580 | D:3      | Reached skill level 1 in Conjurations
  1580 | D:3      | Reached skill level 1 in Hexes
  1580 | D:3      | Reached skill level 1 in Charms
  1580 | D:3      | Reached skill level 1 in Summonings
  1580 | D:3      | Reached skill level 1 in Necromancy
  1580 | D:3      | Reached skill level 1 in Translocations
  1580 | D:3      | Reached skill level 1 in Transmutations
  1580 | D:3      | Reached skill level 1 in Fire Magic
  1580 | D:3      | Reached skill level 1 in Ice Magic
  1580 | D:3      | Reached skill level 1 in Air Magic
  1580 | D:3      | Reached skill level 1 in Earth Magic
  1580 | D:3      | Reached skill level 1 in Poison Magic
  1780 | D:3      | Found a glowing golden altar of the Shining One.
  2163 | D:3      | Reached XP level 5. HP: 47/47 MP: 6/6
  2332 | D:4      | Found a sparkling altar of Nemelex Xobeh.
  2463 | D:4      | Found a shattered altar of Ashenzari.
  2464 | D:4      | Got a spiked leather armour
  2475 | D:4      | Identified the +3 leather armour "Byddogoe" {MR- Dex+7}
                  | (You found it on level 4 of the Dungeon)
  2559 | D:4      | Noticed a phantom
  2607 | D:4      | Killed a phantom
  2817 | D:4      | Learned a level 3 spell: Confusing Touch
  2889 | D:4      | Found a stormy altar of Qazlal.
  3131 | D:5      | Entered Level 5 of the Dungeon
  3178 | D:5      | Noticed Menkaure
  3187 | D:5      | Reached XP level 6. HP: 12/53 MP: 8/8
  3187 | D:5      | HP: 1/53 [Menkaure (11)]
  3188 | D:5      | Demolished by Menkaure

Levels and vault maps discovered:
D:1:      dpeg_arrival_three_bigger_balls, layout_basic, serial_rivers,
          chequers_serial_rivers_micro_d, chequers_serial_rivers_micro_d,
          chequers_serial_rivers_room_a, chequers_serial_rivers_micro_b,
          chequers_serial_rivers_large_a, chequers_serial_rivers_small_b,
          ebering_dispersal_statue_hall, hex_intersection, minivault_23,
          chequers_serial_rivers_micro_d
D:2:      layout_rooms, okawaru_metal_pillars_1_2, old_standard_altar,
          bloody_trog, minmay_goblin_kobold_house
D:3:      layout_loops_ring, nicolae_overflow_hidden_temple,
          columned_hall_lemuel, minmay_misc_feat_cross
D:4:      layout_basic, overflow_temple_1_default, ashenzari_altar_1,
          nicolae_qazlal_eye_of_the_storm
D:5:      layout_cave_pods, led_sif_book, first_ration, minivault_27,
          minmay_statues_item, uniq_ijyb, uniq_blork_the_orc, uniq_pikel,
          uniq_menkaure

Skill      XL: |  1  2  3  4  5 |
---------------+----------------+-----
Invocations    | 1 2 |  2.0
Short Blades   | 1 |  1.7
Axes           | 1 |  1.7
Maces & Flails | 1 |  1.7
Polearms       | 1 |  1.7
Staves         | 1 |  1.7
Slings         | 1 |  1.7
Bows           | 1 |  1.7
Crossbows      | 1 |  1.7
Throwing       | 1 |  1.7
Dodging        | 1 |  1.7
Stealth        | 1 |  1.7
Unarmed Combat | 1 |  1.7
Spellcasting   | 1 |  1.7
Evocations     | 1 |  1.7
Conjurations   | 1 |  1.3
Hexes          | 1 |  1.3
Charms         | 1 |  1.3
Summonings     | 1 |  1.3
Necromancy     | 1 |  1.3
Translocations | 1 |  1.3
Transmutations | 1 |  1.3
Fire Magic     | 1 |  1.3
Ice Magic      | 1 |  1.3
Air Magic      | 1 |  1.3
Earth Magic    | 1 |  1.3
Poison Magic   | 1 |  1.3
Fighting       | |  6.7
Long Blades    | |  4.9
Armour         | |  6.7
Shields        | |  6.7

Action                   |  1- 3 |  4- 6 || total
-------------------------+-------+-------++-------
Melee: Long sword        |    90 |   103 ||   193
       Bite              |    13 |    17 ||    30
  Use: Potion            |       |     1 ||     1
  Eat: Chunk             |     2 |     5 ||     7
Armor: Scale mail        |    31 |    41 ||    72
Dodge: Dodged            |    24 |    30 ||    54
Block: Kite shield       |    60 |    55 ||   115
       Rpst.: Long sword |     4 |     9 ||    13

Table legend:
 A = Non-vault XP
 B = Vault XP
 C = Vault XP percentage of total XP
 D = Non-vault monster count
 E = Vault monster count
 F = Vault count percentage of total count
                 A         B        C        D         E       F
            +---------+---------+-------+---------+---------+-------
      Total |     337 |       7 |   2.0 |      66 |       4 |   5.7
            +---------+---------+-------+---------+---------+-------
        D:1 |      48 |       0 |   0.0 |      26 |       0 |   0.0
        D:2 |      24 |       7 |  22.6 |       7 |       4 |  36.4
        D:3 |      92 |       0 |   0.0 |      24 |       0 |   0.0
        D:4 |     136 |       0 |   0.0 |       8 |       0 |   0.0
        D:5 |      37 |       0 |   0.0 |       1 |       0 |   0.0
            +---------+---------+-------+---------+---------+-------
